AoeStats
← Shredded_Pork

Arabia

506381137Analyzed
4v4 RM · 20d ago on Sep 13, 2026· 53m 59s· 8 players
Game mode
Random Map
Map size
Large (8 player)
Population
200
Speed
Normal
Resources
Standard
Victory
Conquest
Starting age
Dark Age
Ending age
Imperial Age
RankedLock teamsTeams togetherTeam positionsShared explorationLock speedFull tech treeHidden civsTurbo modeCheats
Victory
Defeat
🇨🇳 Magyars · China
807
+14
🇨🇳 Hindustanis · China
762
+16
🇨🇳 Bohemians · China
746
+16
🇨🇳 Turks · China
742
+17
🇪🇸 Japanese · Spain
798
-17
🇷🇺 Wei · Russia
755
-16
🇩🇪 Teutons · Germany
743
-15
🇨🇿 Spanish · Czechia
734
-15
1222321
2:39 Loom
13:39 Feudal Age
14:20 Double-Bit Axe
20:36 Castle Age
19:27 Stone Mining
19:31 Gold Mining
19:23 Horse Collar
20:46 Bloodlines
20:55 Scale Barding Armor
Shredded_Pork
10:26 Feudal Age
20:57 Castle Age
20:55 Double-Bit Axe
20:52 Horse Collar
28:51 Heavy Plow
30:55 Stone Mining
30:55 Gold Mining
35:18 Imperial Age
33:31 Wheelbarrow
34:03 Husbandry
34:13 Bloodlines
35:05 Scale Barding Armor
35:11 Forging
35:35 Bow Saw
36:03 Stone Shaft Mining
36:03 Gold Shaft Mining
35:55 Hand Cart
36:25 Grand Trunk Road
37:17 Heavy Camel Rider
38:28 Chain Barding Armor
38:44 Iron Casting
39:32 Imperial Camel Rider
43:08 Plate Barding Armor
43:34 Blast Furnace
45:25 Chemistry
46:54 Scale Mail Armor
46:55 Padded Archer Armor
47:47 Caravan
48:59 Conscription
中国小子
13:08 Feudal Age
13:31 Horse Collar
13:46 Double-Bit Axe
40:19 Castle Age
44:55 Murder Holes
49:13 Caravan
49:52 Squires
51:17 Wheelbarrow
56:28 Imperial Age
54:19 Heavy Plow
YellowyGnu8986
1:05 Loom
11:38 Feudal Age
16:02 Castle Age
14:17 Horse Collar
16:10 Wheelbarrow
15:52 Double-Bit Axe
17:03 Heavy Plow
19:21 Bow Saw
22:30 Stone Mining
23:46 Gold Mining
24:45 Hand Cart
24:19 Town Watch
27:42 Gold Shaft Mining
32:52 Imperial Age
31:33 Town Patrol
31:52 Forging
31:33 Fletching
31:45 Padded Archer Armor
32:19 Squires
32:05 Arson
33:20 Iron Casting
33:54 Conscription
33:35 Artillery
34:40 Two-Man Saw
33:56 Bodkin Arrow
34:18 Leather Archer Armor
34:26 Leather Archer Armor
34:49 Thumb Ring
35:58 Ballistics
39:40 Blast Furnace
49:13 Bracer
49:44 Ring Archer Armor
52:36 Caravan
Surfacegen
4:40 Loom
11:03 Feudal Age
17:44 Castle Age
16:18 Double-Bit Axe
16:44 Horse Collar
17:59 Fletching
20:46 Treadmill Crane
21:02 Murder Holes
22:15 Town Watch
43:03 Bow Saw
43:57 Elite Skirmisher
45:05 Padded Archer Armor
48:16 Bodkin Arrow
48:36 Leather Archer Armor
54:23 Wheelbarrow
Cobrojed
2:20 Loom
11:38 Feudal Age
12:05 Double-Bit Axe
12:08 Town Watch
13:13 Wheelbarrow
13:19 Horse Collar
15:58 Gold Mining
16:02 Stone Mining
22:08 Castle Age
21:19 Bloodlines
22:06 Scale Barding Armor
23:13 Hand Cart
23:30 Bow Saw
23:22 Heavy Plow
26:48 Husbandry
32:47 Stone Shaft Mining
31:38 Light Cavalry
32:41 Ballistics
32:32 Masonry
35:10 Imperial Age
34:30 Chain Barding Armor
34:22 Forging
34:45 Pikeman
35:26 Squires
34:56 Elite Skirmisher
38:07 Two-Man Saw
38:28 Conscription
37:41 Elite Conquistador
39:36 Hussar
40:57 Plate Barding Armor
40:12 Fletching
40:58 Iron Casting
41:27 Chemistry
41:54 Halberdier
43:24 Scale Mail Armor
44:25 Blast Furnace
46:05 Chain Mail Armor
45:50 Padded Archer Armor
45:46 Bodkin Arrow
45:39 Arson
51:32 Plate Mail Armor
51:18 Leather Archer Armor
51:57 Supremacy
Paladin from Stormwind
10:18 Feudal Age
8:33 Loom
19:49 Fletching
22:43 Castle Age
23:50 Fletching
27:40 Bodkin Arrow
31:40 Double-Bit Axe
31:39 Horse Collar
32:48 Heavy Plow
33:01 Bow Saw
35:21 Wheelbarrow
36:24 Forging
36:15 Scale Mail Armor
37:58 Squires
37:18 Pikeman
39:13 Chain Mail Armor
50:51 Imperial Age
49:48 Iron Casting
ANDREEVICH
12:14 Feudal Age
12:41 Double-Bit Axe
12:38 Horse Collar
13:35 Wheelbarrow
14:34 Loom
15:51 Gold Mining
15:54 Stone Mining
23:52 Castle Age
24:33 Heavy Plow
24:47 Bow Saw
25:14 Gold Shaft Mining
25:19 Stone Shaft Mining
27:44 Hand Cart
27:36 Husbandry
27:47 Bloodlines
27:51 Fletching
30:32 Thumb Ring
31:23 Scale Barding Armor
32:33 Bodkin Arrow
33:37 Caravan
34:13 Tuntian
39:45 Imperial Age
40:04 Chain Barding Armor
39:55 Forging
41:28 Heavy Hei Guang Cavalry
42:31 Conscription
42:48 Parthian Tactics
43:02 Iron Casting
42:28 Bracer
Connection lost

Rejoining the realm…

Still unreachable

The connection could not be restored.

Session expired

The server has moved on; the page needs a fresh start.